 Dungeon Crawl Stone Soup version 0.29-a0-322-g68df515428 (webtiles) character file.

Game seed: 1337092138410446973

815 HotDog the Slasher (level 7, -8/61 HPs)
             Began as a Minotaur Fighter on Apr 7, 2022.
             Was an Initiate of Makhleb.
             Mangled by a troll (14 damage)
             ... on level 5 of the Dungeon.
             The game lasted 00:06:36 (5734 turns).

HotDog the Slasher (Minotaur Fighter)               Turns: 5734, Time: 00:06:36

Health: -8/61      AC: 11    Str: 23    XL:     7   Next: 62%
Magic:  7/7        EV: 10    Int:  5    God:    Makhleb [......]
Gold:   288        SH:  4    Dex:  9    Spells: 6/6 levels left

rFire   . . .      SeeInvis .   a - +1 long sword
rCold   + . .      Faith    .   c - +0 buckler
rNeg    . . .      Spirit   .   b - +0 scale mail
rPois   .          Reflect  .   (helmet restricted)
rElec   .          Harm     .   (no cloak)
rCorr   .          Rampage  .   (no gloves)
Will    .....                   (no boots)
Stlth   ..........              j - amulet of the acrobat
HPRegen 0.20/turn               k - +4 ring of protection
MPRegen 0.10/turn               n - ring of protection from cold

@: attractive
A: horns 2, retaliatory headbutt
a: Renounce Religion


You were on level 5 of the Dungeon.
You worshipped Makhleb.
Makhleb was noncommittal.
You visited 2 branches of the dungeon, and saw 6 of its levels.
You also visited: Ossuary.

You collected 288 gold pieces.

Inventory:

Hand Weapons
 a - a +1 long sword (weapon)
Armour
 b - a +0 scale mail (worn)
 c - a +0 buckler (worn)
Jewellery
 f - a ring of ice
 j - an amulet of the acrobat (around neck)
 k - a +4 ring of protection (left hand)
 n - a ring of protection from cold (right hand)
 o - a ring of ice
 t - a +4 ring of protection
Wands
 m - a wand of iceblast (4)
Scrolls
 l - 2 scrolls of fear
 q - a scroll of teleportation
 s - a scroll of enchant weapon
Potions
 d - a potion of might
 e - a potion of berserk rage
 g - a potion of attraction
 h - 2 potions of curing
 i - 4 potions of haste
 p - 2 potions of mutation
 r - a potion of brilliance {unknown}


   Skills:
 * Level 5.1 Fighting
 * Level 6.4 Long Blades
 * Level 6.1 Armour
 * Level 2.7 Dodging
 * Level 4.8 Shields
 * Level 2.4 Invocations


You had 6 spell levels left.
You didn't know any spells.
Your spell library contained the following spells:

 Spells                   Type           Power      Damage    Failure   Level
 Animate Skeleton         Necr           0%         N/A       85%         1
 Apportation              Tloc           0%         N/A       85%         1
 Freeze                   Ice            0%         1d3       85%         1
 Pain                     Necr           0%         1d4       85%         1
 Frozen Ramparts          Ice            0%         1d2       99%         3
 Vampiric Draining        Necr           0%         2d6       99%         3
 Hailstorm                Conj/Ice       0%         3d3       100%        4


Dungeon Overview and Level Annotations

Branches:
Dungeon (5/15)             Temple (1/1) D:5         Ossuary (visited)

Altars:
Ashenzari
Cheibriados
Dithmenos
Fedhas
Gozag
Hepliaklqana
Kikubaaqudgha
Makhleb
Nemelex Xobeh
Ru
Sif Muna
Trog
Vehumet
Xom
Yredelemnul
Zin

Annotations:
D:5 1 runed translucent door, stil's ghost, novice DEFE


Innate Abilities, Weirdness & Mutations

You have a pair of horns on your head.
You reflexively headbutt those who attack you in melee.


Message History

The troll shouts!
You slash the orc!
You kill the orc!
Makhleb accepts your kill.
A troll is nearby!
It was a potion of attraction.
You feel attractive to monsters.
You slash the troll!
The troll is lightly wounded.
The troll closely misses you. The troll claws you. The troll claws you!
You barely miss the troll. Your headbutt misses the troll.
The troll is lightly wounded.
You block the troll's attack. The troll claws you.
The troll claws you but does no damage.
You completely miss the troll. Your headbutt misses the troll.
The troll is lightly wounded.
The troll bites you! The troll claws you but does no damage.
The troll claws you.
You closely miss the troll.
The troll is lightly wounded.
You block the troll's attack. The troll closely misses you.
The troll claws you.
You slash the troll!
The troll is moderately wounded.
The troll barely misses you. The troll claws you. x2
The troll barely misses you. x3
You barely miss the troll.
The troll is lightly wounded.
The troll closely misses you. You furiously retaliate!
You headbutt the troll. The troll claws you but does no damage.
The troll claws you.
You closely miss the troll.
You headbutt the troll, but do no damage.
The troll is moderately wounded.
The troll bites you!
* * * LOW HITPOINT WARNING * * *
The troll misses you. The troll closely misses you.
You barely miss the troll.
The troll is moderately wounded.
The troll bites you!
You die...

### ..# #.# ..#
#.## .# # #.. .#
#.###)# .#
#.....########
.###
####.@T......# ...
# #.........'. .#
#. #.........#.
.######
#.#####.........#
......#
#...............#
#####.#
###.............'#
#.#
#...#.........#.
#.#
##.##.........#
#.# #†##........


You could see a troll.

Vanquished Creatures
  Duvessa (D:5)
  A black bear (D:4)
  A centaur (D:5)
  Dowan (D:5)
  2 centaur zombies (Ossuary)
  2 hounds (D:4)
  2 orc priests
  A jelly (D:5)
  Ijyb (D:3)
  An orc wizard (D:4)
  3 mummies (Ossuary)
  9 adders
  An ufetubus (D:4)
  3 worms
  A dart slug (D:4)
  9 orcs
  12 ball pythons
  8 bats
  7 endoplasms
  3 giant cockroaches
  A gnoll zombie (Ossuary)
  6 goblins
  8 hobgoblins
  7 kobolds
  2 quokkas
  3 frilled lizards
  A goblin zombie (Ossuary)
  A hobgoblin zombie (Ossuary)
  A kobold zombie (Ossuary)
  2 orc zombies (Ossuary)
  6 rats
107 creatures vanquished.

Vanquished Creatures (others)
  An orc wizard (D:4)
  13 plants (D:3)
14 creatures vanquished.

Grand Total: 121 creatures vanquished

Notes
Turn   | Place    | Note
-------+----------+-------------------------------------------
     0 | D:1      | HotDog the Minotaur Fighter began the quest for the Orb.
     0 | D:1      | Reached XP level 1. HP: 19/19 MP: 0/0
   240 | D:1      | Reached XP level 2. HP: 27/27 MP: 1/1
   761 | D:1      | Reached XP level 3. HP: 28/33 MP: 2/2
  1376 | D:2      | Found a faded altar of an unknown god.
  1382 | D:2      | Got Plato's Catalogue of Translocation
  1737 | D:2      | Reached skill level 1 in Dodging
  1737 | D:2      | Reached skill level 1 in Invocations
  1948 | D:3      | Reached XP level 4. HP: 34/40 MP: 3/3
  2443 | D:3      | Found a hazy altar of Hepliaklqana.
  2509 | D:3      | Noticed Ijyb
  2533 | D:3      | Killed Ijyb
  2534 | D:3      | Reached XP level 5. HP: 32/46 MP: 4/4
  3023 | D:3      | Found a blossoming altar of Fedhas.
  3137 | D:3      | Found a bloodstained altar of Trog.
  3434 | D:4      | Reached skill level 5 in Armour
  3634 | D:4      | Found a sand-covered staircase.
  3642 | Ossuary  | Entered an ossuary
  3722 | Ossuary  | Reached XP level 6. HP: 29/53 MP: 6/6
  4262 | D:4      | Reached skill level 5 in Long Blades
  4756 | D:4      | Reached XP level 7. HP: 49/60 MP: 7/7
  4883 | D:5      | Entered Level 5 of the Dungeon
  4958 | D:5      | Noticed Duvessa
  4960 | D:5      | Noticed Dowan
  4967 | D:5      | Killed Duvessa
  4968 | D:5      | Reached skill level 5 in Fighting
  4969 | D:5      | Killed Dowan
  5116 | D:5      | Found a runed translucent door.
  5117 | D:5      | Noticed stil's ghost (novice DEFE)
  5126 | D:5      | Found a staircase to the Ecumenical Temple.
  5243 | Temple   | Entered the Ecumenical Temple
  5557 | Temple   | Became a worshipper of Makhleb the Destroyer
  5720 | D:5      | Noticed a troll
  5734 | D:5      | Mangled by a troll

Illustrated notes

Levels and vault maps discovered:
D:1:      minmay_arrival_nine_rooms, layout_basic, dk_noncrumbling_3,
          minmay_misc_feat_rugged
D:2:      layout_basic, shapermc_ecumenical_altar_rom_forum
D:3:      minmay_evil_eye, layout_loops_ring, fedhas_ov_isle_minmay,
          nicolae_hepliaklqana_hazy_memory, mainiacjoe_overflow_tiny_flanked,
          serial_forest, infiniplex_forest_end_3,
          infiniplex_forest_lined_corner, infiniplex_forest_straight_4,
          infiniplex_forest_lined_corner, infiniplex_forest_end_2,
          grunt_ministairs_9, uniq_ijyb
D:4:      black_bear_nest_2, layout_loops_ring, enter_ossuary_3
D:5:      layout_loops_ring, mainiacjoe_overflow_24_doors,
          minmay_temple_entry_offerings, gammafunk_ghost_grave, uniq_duvessa
Temple:   oiseaux_autumnal_temple

Skill      XL: |  1  2  3  4  5  6  7 |
---------------+----------------------+-----
Armour         | 4 5 6 |  6.1
Fighting       | 4 5 |  5.1
Shields        | 4 |  4.8
Long Blades    | 3 4 5 6 |  6.4
Dodging        | 1 2 |  2.7
Invocations    | 1 2 |  2.4

Action                   |  1- 3 |  4- 6 |  7- 9 || total
-------------------------+-------+-------+-------++-------
Melee: Long sword        |   137 |   180 |    38 ||   355
       Headbutt          |    24 |    26 |     6 ||    56
  Use: Scroll            |       |     7 |       ||     7
       Potion            |       |     1 |     2 ||     3
Armor: Scale mail        |    57 |    73 |    20 ||   150
Dodge: Dodged            |    73 |    84 |    28 ||   185
Block: Buckler           |    43 |    36 |    10 ||    89

Table legend: (Time is in decaauts)
 A = Elapsed time spent in this place.
 B = Non-inter-level travel time spent in this place.
 C = Inter-level travel time spent in this place.
 D = Time resting spent in this place.
 E = Time spent auto-exploring this place.
 F = Levels seen in this place.
 G = Mean time per level.
                   A        B        C        D        E       F      G
               +--------+--------+--------+--------+--------+-----+--------+
         Total |   5846 |   5705 |    141 |   1304 |   3196 |   7 |  835.1 |
       Dungeon |   4902 |   4761 |    141 |   1063 |   2692 |   5 |  980.4 |
        Temple |    345 |    345 |      0 |      0 |    274 |   1 |  345.0 |
       Ossuary |    597 |    597 |      0 |    241 |    229 |   1 |  597.0 |
               +--------+--------+--------+--------+--------+-----+--------+

Top non-repeatable levels by time:
     D:3: 1509 daAuts
     D:1: 1211 daAuts
     D:4: 979 daAuts
     D:2: 678 daAuts
 Ossuary: 597 daAuts
     D:5: 524 daAuts
  Temple: 345 daAuts
